 Dungeon Crawl Stone Soup version 0.24.0-13-gcf9b3192b9 (webtiles) character file.

Game seed: 7450083489136790713, levelgen mode: deterministic

312572 inmateoo the Executioner (level 20, -5/183 HPs)
             Began as a Hill Orc Fighter on Nov 6, 2019.
             Was the Champion of Beogh.
             Killed from afar by a deep elf mage (18 damage)
             ... with a bolt of lightning
             ... led by an ironheart preserver
             ... on level 2 of the Vaults.
             The game lasted 00:59:39 (34125 turns).

inmateoo the Executioner (Hill Orc Fighter)        Turns: 34125, Time: 00:59:40

Health: -5/183     AC: 40    Str: 30 (31) XL:     20   Next: 88%
Magic:  29/29      EV: 10    Int:  8      God:    Beogh [******]
Gold:   2296       SH: 18    Dex: 10      Spells: 20/20 levels left

rFire    + . .     SeeInvis .   B - +8 war axe (protect)
rCold    + . .     Gourm    .   Y - +3 shield {rPois}
rNeg     + . .     Faith    .   y - +5 crystal plate armour of Tenacity {rC+ rN+ Int+4}
rPois    +         Spirit   .   V - +0 helmet
rElec    .         Reflect  .   O - scarf {cloud immunity}
rCorr    .         Harm     .   Z - -2 pair of gloves of Filth {Str+5}
MR       ++...                  U - +2 pair of boots {run}
Stlth    ..........             m - amulet of regeneration
HPRegen  0.80/turn              R - ring of protection from fire
MPRegen  0.21/turn              T - ring of protection from magic

@: protection aura, studying Translocations, lightly drained, quick
A: walk on water, talons 1, clumsy 1, deterioration 1, dopey 2
}: 3/15 runes: decaying, abyssal, gossamer
a: Smiting, Recall Orcish Followers, Give Item to Named Follower, Resurrection,
Renounce Religion


You were on level 2 of the Vaults.
You worshipped Beogh.
Beogh was exalted by your worship.
You were very full.

You visited 6 branches of the dungeon, and saw 34 of its levels.
You visited the Abyss 1 time.
You also visited: Bailey and Ice Cave.

You collected 3957 gold pieces.
You spent 1661 gold pieces at shops.

Inventory:

Hand Weapons
 c - a +0 broad axe of chopping
 B - a +8 war axe of protection (weapon)
Missiles
 l - 9 javelins
 r - 26 boomerangs (quivered)
 Q - 2 throwing nets
Armour
 y - the +5 crystal plate armour of Tenacity (worn) {rC+ rN+ Int+4}
   (You found it in a bailey)

   It affects your intelligence (+4).
   It protects you from cold.
   It protects you from negative energy.
 O - a scarf of cloud immunity (worn)
 U - a +2 pair of boots of running (worn)
 V - a +0 helmet (worn)
 Y - a +3 shield of poison resistance (worn)
 Z - the -2 pair of gloves of Filth (worn) {Str+5}
   (You bought it in a shop on level 2 of the Orcish Mines)

   It affects your strength (+5).
Jewellery
 m - an amulet of regeneration (around neck)
 q - an uncursed ring of resist corrosion
 v - an uncursed ring of flight
 D - the amulet "Ranirent" {Gourm rElec rC++ Dex-4 Stlth+}
   (You found it on level 3 of the Abyss)

   [amulet of the gourmand]

   It allows you to eat raw meat even when not hungry.
   It affects your dexterity (-4).
   It greatly protects you from cold.
   It insulates you from electricity.
   It makes you more stealthy.
 J - an uncursed ring of positive energy
 N - a +5 ring of evasion
 R - a ring of protection from fire (left hand)
 T - a ring of protection from magic (right hand)
Wands
 t - a wand of scattershot (13)
 z - a wand of iceblast (41)
 E - a wand of acid (8)
 G - a wand of digging (7)
 I - a wand of paralysis (9)
 M - a wand of disintegration (26)
 P - a wand of polymorph (8)
Scrolls
 a - 2 scrolls of enchant armour
 e - 16 scrolls of remove curse
 k - 5 scrolls of teleportation
 o - 2 scrolls of identify
 p - 5 scrolls of fear
 C - 4 scrolls of fog
 F - 5 scrolls of blinking
 H - 8 scrolls of amnesia
 W - 4 scrolls of magic mapping
Potions
 b - a potion of invisibility
 d - a potion of might
 g - 6 potions of resistance
 h - 14 potions of curing
 i - 2 potions of haste
 j - 3 potions of cancellation
 n - 5 potions of magic
 s - 2 potions of heal wounds
 u - 3 potions of mutation
 w - 2 potions of ambrosia
 x - 9 potions of brilliance
 A - 3 potions of agility
 X - a potion of berserk rage
Books
 S - a manual of Translocations
Miscellaneous
 K - a box of beasts
 L - a phial of floods
Comestibles
 f - 29 rations


   Skills:
 + Level 16.9(16.6) Fighting
 * Level 23.9(23.6) Axes
 - Level 7.0(6.8) Throwing
 + Level 15.8(15.5) Armour
 + Level 10.3(10.1) Dodging
 * Level 15.8(15.5) Shields
 + Level 0.6(0.4) Spellcasting
 + Level 1.3(1.1) Translocations
 + Level 12.6(12.4) Invocations


You had 20 spell levels left.
You didn't know any spells.
Your spell library contained the following spells:

 Spells                   Type           Power        Failure   Level  Hunger
 Apportation              Tloc           #.....       98%         1    ##.....
 Animate Skeleton         Necr           N/A          99%         1    ##.....
 Confusing Touch          Hex            #.....       99%         1    ##.....
 Corona                   Hex            #......      99%         1    ##.....
 Freeze                   Ice            #...         99%         1    ##.....
 Magic Dart               Conj           #...         99%         1    ##.....
 Sting                    Conj/Pois      #...         99%         1    ##.....
 Summon Small Mammal      Summ           #...         99%         1    ##.....
 Blink                    Tloc           N/A          99%         2    ###....
 Call Imp                 Summ           #.......     100%        2    ###....
 Poisonous Vapours        Pois/Air       #.....       100%        2    ###....
 Searing Ray              Conj           #.....       100%        2    ###....
 Shroud of Golubria       Chrm/Tloc      #.....       100%        2    ###....
 Slow                     Hex            #.......     100%        2    ###....
 Throw Frost              Conj/Ice       #.....       100%        2    ###....
 Conjure Flame            Conj/Fire      #.......     100%        3    ####...
 Dazzling Spray           Conj/Hex       #.....       100%        3    ####...
 Gell's Gravitas          Tloc           #.........   100%        3    ####...
 Inner Flame              Hex/Fire       #.......     100%        3    ####...
 Lesser Beckoning         Tloc           #.........   100%        3    ####...
 Mephitic Cloud           Conj/Pois/Air  #.......     100%        3    ####...
 Ozocubu's Armour         Chrm/Ice       #.......     100%        3    ####...
 Portal Projectile        Hex/Tloc       #.....       100%        3    ####...
 Teleport Other           Tloc           #.......     100%        3    ####...
 Cause Fear               Hex            #.........   100%        4    #####..
 Force Lance              Conj/Tloc      #.......     100%        4    #####..
 Fulminant Prism          Conj/Hex       #.........   100%        4    #####..
 Iskenderun's Mystic Bla  Conj           #.......     100%        4    #####..
 Leda's Liquefaction      Hex/Erth       #.........   100%        4    #####..
 Olgreb's Toxic Radiance  Pois           #.......     100%        4    #####..
 Passage of Golubria      Tloc           N/A          100%        4    #####..
 Summon Ice Beast         Ice/Summ       #.......     100%        4    #####..
 Summon Lightning Spire   Summ/Air       #.......     100%        4    #####..
 Throw Icicle             Conj/Ice       #.......     100%        4    #####..
 Bolt of Magma            Conj/Fire/Erth #.........   100%        5    ######.
 Iskenderun's Battlesphe  Conj/Chrm      #.......     100%        5    ######.
 Silence                  Hex/Air        #.........   100%        5    ######.
 Venom Bolt               Conj/Pois      #.........   100%        5    ######.
 Yara's Violent Unravell  Hex/Tmut       #.........   100%        5    ######.
 Conjure Ball Lightning   Conj/Air       #.........   100%        6    #######
 Deflect Missiles         Chrm/Air       #.........   100%        6    #######
 Iron Shot                Conj/Erth      #.........   100%        6    #######
 Statue Form              Tmut/Erth      #........    100%        6    #######
 Orb of Destruction       Conj           #.........   100%        7    #######
 Spellforged Servitor     Conj/Summ      #.........   100%        7    #######
 Discord                  Hex            #.........   100%        8    #######
 Shatter                  Erth           #.........   100%        9    #######
 Tornado                  Air            #.........   100%        9    #######


Dungeon Overview and Level Annotations

Branches:
Dungeon (15/15)            Temple (0/1) D:5            Lair (6/6) D:9
  Swamp (4/4) Lair:4       Spider (4/4) Lair:3        Slime (0/5) Lair:6
    Orc (2/2) D:10            Elf (0/3) Orc:2        Vaults (3/5) D:14
  Crypt (0/3) Vaults:2     Depths (0/5) D:15         Bailey (visited)
  IceCv (visited)

Altars:
Ashenzari
Cheibriados
Dithmenos
Elyvilon
Fedhas
Makhleb
Nemelex Xobeh
Qazlal
Ru
Trog
Wu Jian
Xom
The Shining One
Beogh

Shops:
D:10 }   D:12 }   D:13 =   Orc:2 [*[%   Vaults:2 [   Vaults:3 (

Annotations:
Swamp:2 2 transporters, swinepaste's ghost, journeyman DsMo


Innate Abilities, Weirdness & Mutations

You can walk on water.
You have sharp toenails.
You are clumsy. (Dex -2)
Your body sometimes deteriorates upon taking damage.
You are very dopey. (Int -4)


Message History

You slash the orc knight! You hit the deep elf mage. You slice the orc knight!!
The orc knight no longer looks unusually strong.
The orc knight hits you with a +1 war axe of draining!
* * * LOW HITPOINT WARNING * * *
You partially resist.
You feel drained.
* * * LOW HITPOINT WARNING * * *
The orc knight barely misses you.
The orc knight hits Orik with a +0 war axe.
Orik closely misses the orc knight.
The vault sentinel casts a spell at you.
You struggle to resist.
You completely miss the orc knight.
The orc knight is heavily wounded.
You hit the vault sentinel but do no damage.
You closely miss the orc knight. You slash the deep elf mage!
The deep elf mage casts a spell at you. The bolt of lightning hits you!!
* * * LOW HITPOINT WARNING * * *
The bolt of lightning hits you!!
You die...

**** ,*,* *+** ,*,*
####### ,*,* #..○..#
*+** #.....#
,*,****#########oe∩..#
,*,+,,,........o@o...#
,*,*,*+#######o#)p...#
****,*,,,,,,,#.#.....#
,*,*,*,***+*,#.#######
,*,*,*,*,,,*,#.#
*+**,*,*,,,*,#.# *****
,*,*,*,*,,,*,#.# *,,,*
****,*,*****,#.# **,,*
*,*,,,,,,,#)# **,*


You could see 2 orc knights, a vault sentinel, a deep elf mage, the friendly
Orik the orc warlord and the friendly Bogmar the orc knight.

Vanquished Creatures
  Asterion (Spider:3)
  A sphinx (Vaults:1)
  Frances (D:12)
  A kraken (Abyss:3)
  2 tentacled starspawn (Abyss:3)
  2 thorn hunters
  A storm dragon (Vaults:2)
  6 ghost moths
  A deep elf sorcerer (Vaults:2)
  A cacodemon (Abyss:3)
  5 emperor scorpions
  4 ironheart preservers
  A reaper (Abyss:3)
  2 angels (Abyss:3)
  A deep elf demonologist (Vaults:3)
  4 entropy weavers
  A stone giant (Vaults:3)
  A lorocyproca (Abyss:3)
  Azrael (Orc:2)
  A deep elf annihilator (Vaults:2)
  A spark wasp (Spider:4)
  2 blizzard demons (IceCv)
  2 fire dragons
  Josephine (D:14)
  A great orb of eyes (Vaults:2)
  2 yaktaur captains
  A great orb of eyes (shapeshifter) (Vaults:1)
  An ice dragon (Lair:6)
  7 shambling mangroves
  6 centaur warriors
  2 ghost crabs
  16 hydras
  A death knight (D:13)
  23 two-headed ogres
  8 alligators
  9 ogre magi
  3 death yaks (Lair:6)
  Erica (D:8)
  A deep troll earth mage (Vaults:1)
  8 thrashing horrors
  3 spriggans
  A deep elf knight (Vaults:3)
  Urug (D:10)
  A sixfirhy (Abyss:3)
  A skeletal warrior (D:11)
  A shadow wraith (Vaults:3)
  2 wretched stars (Abyss:3)
  A fire crab (shapeshifter) (Vaults:3)
  5 hell knights (Abyss:3)
  3 deep trolls (Vaults:1)
  2 spatial maelstroms (Abyss:3)
  A wizard (Vaults:3)
  2 flayed ghosts
  4 lindwurms
  4 unseen horrors
  10 starcursed masses
  11 swamp dragons
  2 spriggan druids
  2 glowing orange brains
  7 ironbrand convokers
  3 phantasmal warriors
  A wolf spider zombie (D:13)
  7 orc knights
  14 orb spiders
  5 deep elf magi
  13 wolf spiders
  19 ugly things
  5 cyclopes
  An orc sorcerer (Orc:2)
  2 worldbinders (Abyss:3)
  3 black mambas
  2 moths of wrath
  A guardian serpent (Abyss:3)
  Joseph (D:8)
  2 centaur zombies
  3 elephants (Lair:1)
  An apocalypse crab (Abyss:3)
  Maurice (D:8)
  7 vault sentinels
  7 torpor snails
  An ice statue (IceCv)
  11 spiny frogs
  2 gargoyles
  3 centaur skeletons
  5 smoke demons
  A kobold demonologist (D:12)
  A spiny frog (shapeshifter) (D:13)
  2 orange demons (Abyss:3)
  2 rime drakes
  10 demonic crawlers
  2 anaconda simulacra (IceCv)
  7 freezing wraiths
  3 komodo dragons
  12 yaktaurs
  An efreet (Abyss:3)
  A tengu conjurer (D:14)
  A golden dragon simulacrum (IceCv)
  6 ice devils (IceCv)
  2 ancient zymes (Abyss:3)
  14 jumping spiders
  2 wind drakes (shapeshifter)
  A hornet (shapeshifter) (Vaults:3)
  26 hornets
  4 trolls
  A wolf spider simulacrum (IceCv)
  3 raiju
  8 tyrant leeches
  18 blink frogs
  29 slime creatures
  A dream sheep (Lair:5)
  4 hippogriffs
  2 bog bodies
  41 redbacks
  22 tarantellas
  2 dire elephant simulacra (IceCv)
  A fire elemental (Orc:2)
  2 shadows
  15 yaks
  6 ynoxinuls
  6 wraiths
  3 wyverns
  A human (shapeshifter) (Vaults:3)
  A human (D:8)
  A chaos spawn (Abyss:3)
  9 large abominations
  A basilisk (D:15)
  A hog (D:14)
  Grum (D:8)
  3 neqoxecs (Abyss:3)
  3 harpy simulacra (IceCv)
  A spatial vortex (Abyss:3)
  A death yak simulacrum (IceCv)
  2 iron troll simulacra (IceCv)
  6 vampire mosquitoes
  24 insubstantial wisps
  14 swamp worms
  6 hydra simulacra (IceCv)
  4 wargs
  A hell hound (Abyss:3)
  An acid dragon (Vaults:1)
  5 water moccasins
  4 porcupines
  8 orc warriors
  2 ice beasts
  6 swamp drakes
  2 black bears
  3 sky beasts
  A black bear (shapeshifter) (Vaults:3)
  2 necrophages
  2 phantoms
  A tengu (Orc:2)
  2 wolves (D:8)
  23 ogres
  7 boggarts
  8 crocodiles
  8 centaurs
  4 big kobolds
  13 bullfrogs
  4 small abominations
  Blork the orc (D:6)
  A wyvern zombie (D:8)
  A scorpion (D:14)
  19 wights
  4 howler monkeys
  16 crimson imps
  A quasit (D:12)
  2 bullfrog zombies
  3 orc priests
  2 draconian simulacra (IceCv)
  6 hounds
  A jelly (D:9)
  2 bullfrog skeletons
  An iron imp (Abyss:3)
  10 orc wizards
  3 iguanas
  17 worker ants
  A spriggan simulacrum (IceCv)
  4 troll simulacra (IceCv)
  A wolf simulacrum (IceCv)
  2 centaur simulacra (IceCv)
  A hound zombie (D:7)
  A worker ant zombie (D:9)
  9 gnolls
  9 adders
  A naga simulacrum (IceCv)
  2 ogre simulacra (IceCv)
  A tengu simulacrum (Abyss:3)
  4 shadow imps
  7 white imps
  An ooze (D:7)
  5 ufetubi
  An adder zombie (D:9)
  An adder skeleton (D:9)
  2 worms
  3 dart slugs
  A leopard gecko (D:4)
  24 orcs
  3 ball pythons (D:2)
  6 bats
  7 giant cockroaches
  15 goblins
  11 hobgoblins
  17 jackals
  41 kobolds
  7 quokkas
  13 frilled lizards
  A leopard gecko skeleton (D:4)
  7 rats
  10 fungi
  A lurking horror (Abyss:3)
  2 plants
  2 starspawn tentacles (Abyss:3)
  A tentacle (Abyss:3)
1081 creatures vanquished.

Vanquished Creatures (collateral kills)
  Arachne (Spider:4)
  Jorgrun (Orc:2)
  A tentacled starspawn (Abyss:3)
  Kirke (D:14)
  2 tengu reavers (Vaults:2)
  An orc warlord (Orc:1)
  A frost giant (D:15)
  5 emperor scorpions
  3 ironheart preservers
  A stone giant (Vaults:2)
  An entropy weaver (Spider:1)
  Nessos (D:14)
  A spark wasp (Spider:4)
  A deep elf annihilator (Vaults:2)
  An ettin (D:13)
  A fire dragon (Vaults:3)
  Erolcha (D:13)
  2 hydras
  8 two-headed ogres
  2 death knights
  2 centaur warriors (D:15)
  An ogre mage (Vaults:1)
  A deep troll earth mage (D:13)
  A deep troll shaman (Vaults:1)
  3 orc high priests (Orc:2)
  2 tengu warriors (D:15)
  A deep elf knight (Vaults:1)
  A titan skeleton (Abyss:3)
  A sixfirhy (Abyss:3)
  A spatial maelstrom (Abyss:3)
  A skeletal warrior (D:13)
  3 orc knights
  2 wizards (Vaults:3)
  10 orb spiders
  A lindwurm (Lair:6)
  An orb spider (shapeshifter) (D:13)
  2 deep elf magi
  3 ugly things (D:15)
  A manticore (D:14)
  5 wolf spiders
  A moth of wrath (Spider:4)
  An orc sorcerer (Orc:2)
  2 elephants (Lair:1)
  3 cyclopes
  A centaur zombie (D:15)
  A vault sentinel (Vaults:2)
  3 torpor snails
  2 black mambas (Lair:1)
  A rust devil (Abyss:3)
  5 spiny frogs
  An apocalypse crab (Abyss:3)
  3 komodo dragons
  6 yaktaurs
  A komodo dragon (shapeshifter) (Vaults:2)
  2 freezing wraiths
  2 demonic crawlers
  2 tyrant leeches (Lair:6)
  17 jumping spiders
  A polar bear (Lair:6)
  6 trolls
  5 hornets
  12 blink frogs
  A dream sheep (Lair:5)
  4 hippogriffs
  8 tarantellas
  A ynoxinul (Abyss:3)
  5 wraiths
  17 redbacks
  13 yaks
  A basilisk (Lair:5)
  A fire elemental (Orc:2)
  A vampire (D:15)
  A hog (D:14)
  A neqoxec (Abyss:3)
  3 wargs
  5 vampire mosquitoes
  An insubstantial wisp (Lair:4)
  A harpy simulacrum (IceCv)
  2 hell hounds (Orc:2)
  2 hydra simulacra (IceCv)
  5 water moccasins
  12 orc warriors
  An ice beast (D:14)
  An eye of draining (D:12)
  A boggart (D:15)
  5 ogres
  3 centaurs
  3 crocodiles
  4 bullfrogs
  A wyvern skeleton (D:10)
  A water moccasin skeleton (D:11)
  6 wights
  2 howler monkeys (D:13)
  A crimson imp (D:12)
  5 starcursed masses (Abyss:3)
  5 orc priests
  An iguana (D:13)
  2 orc wizards
  A worker ant (D:14)
  2 troll simulacra (IceCv)
  A hound zombie (D:10)
  An adder (D:11)
  4 gnolls
  An ogre simulacrum (IceCv)
  2 shadow imps
  2 white imps
  2 ufetubi (IceCv)
  15 orcs
  A goblin (Bailey)
  A hobgoblin (Bailey)
  A jackal (D:10)
  3 kobolds
  A fungus (Lair:5)
  2 plants
  4 starspawn tentacles (Abyss:3)
328 creatures vanquished.

Vanquished Creatures (others)
  An orc high priest (Lair:6)
  An ironbrand convoker (Vaults:2)
  6 orc knights
  A vault sentinel (Vaults:2)
  2 hornets
  A tyrant leech (Swamp:2)
  2 humans (D:14)
  A spatial vortex (Abyss:3)
  4 insubstantial wisps (Swamp:2)
  A large abomination (Abyss:3)
  22 orc warriors
  A gnoll sergeant (D:6)
  11 orc priests
  7 orc wizards
  An adder skeleton (D:6)
  40 orcs
  3 fungi (Lair:3)
  2 lurking horrors (Abyss:3)
  15 plants
  10 starspawn tentacles (Abyss:3)
  7 tentacles (Abyss:3)
139 creatures vanquished.

Grand Total: 1548 creatures vanquished

Notes
Turn   | Place    | Note
-------+----------+-------------------------------------------
     0 | D:1      | inmateoo the Hill Orc Fighter began the quest for the Orb.
     0 | D:1      | Reached XP level 1. HP: 19/19 MP: 1/1
    74 | D:1      | Reached skill level 3 in Axes
    82 | D:1      | Reached XP level 2. HP: 17/27 MP: 2/2
   402 | D:1      | Reached XP level 3. HP: 33/33 MP: 3/3
   808 | D:2      | Found a burning altar of Makhleb.
   823 | D:2      | Reached skill level 4 in Axes
   823 | D:2      | Reached XP level 4. HP: 37/40 MP: 4/4
  1540 | D:3      | Found a sacrificial altar of Ru.
  1569 | D:3      | Reached XP level 5. HP: 38/47 MP: 5/5
  1907 | D:3      | Reached skill level 5 in Axes
  2168 | D:3      | Reached XP level 6. HP: 41/53 MP: 6/6
  2588 | D:4      | Reached skill level 1 in Throwing
  2773 | D:4      | Reached skill level 6 in Axes
  2860 | D:4      | Reached skill level 5 in Fighting
  2928 | D:4      | Noticed a phantom
  2952 | D:4      | Killed a phantom
  2952 | D:4      | Reached XP level 7. HP: 53/61 MP: 7/7
  3253 | D:5      | Entered Level 5 of the Dungeon
  3393 | D:5      | Found a staircase to the Ecumenical Temple.
  3718 | D:5      | Reached skill level 1 in Dodging
  4056 | D:5      | Reached skill level 5 in Armour
  4081 | D:6      | Reached skill level 7 in Axes
  4081 | D:6      | Reached skill level 5 in Shields
  4081 | D:6      | Reached XP level 8. HP: 57/70 MP: 8/8
  4134 | D:6      | Became a worshipper of Beogh the Brigand
  4436 | D:5      | Reached skill level 8 in Axes
  4521 | D:6      | Noticed Blork the orc
  4528 | D:6      | Killed Blork the orc
  4609 | D:6      | Found a glowing golden altar of the Shining One.
  4803 | D:7      | Reached XP level 9. HP: 54/77 MP: 9/9
  5027 | D:7      | Found a sparkling altar of Nemelex Xobeh.
  5032 | D:7      | Reached skill level 9 in Axes
  5038 | D:7      | Reached * piety under Beogh
  5208 | D:7      | Found a shadowy altar of Dithmenos.
  5352 | D:7      | Found a bloodstained altar of Trog.
  5481 | D:7      | Found a blossoming altar of Fedhas.
  5520 | D:7      | Found an ornate altar of the Wu Jian Council.
  5652 | D:8      | Noticed Erica
  5677 | D:8      | Killed Erica
  5677 | D:8      | Reached skill level 10 in Axes
  5677 | D:8      | Reached XP level 10. HP: 56/86 MP: 10/10
  5852 | D:8      | Found a white marble altar of Elyvilon.
  6000 | D:8      | Noticed Grum
  6007 | D:8      | Killed Grum
  6135 | D:8      | Noticed Joseph
  6194 | D:8      | Killed Joseph
  6371 | D:8      | Noticed Maurice
  6495 | D:8      | Killed Maurice
  6862 | D:9      | Found a stormy altar of Qazlal.
  6937 | D:9      | Reached skill level 11 in Axes
  7002 | D:9      | Found a shattered altar of Ashenzari.
  7020 | D:9      | Found a staircase to the Lair.
  7031 | D:9      | Reached ** piety under Beogh
  7057 | D:9      | Reached skill level 5 in Throwing
  7482 | D:9      | Noticed a two-headed ogre
  7533 | D:8      | Killed a two-headed ogre
  7533 | D:8      | Reached XP level 11. HP: 88/95 MP: 11/11
  8080 | D:10     | Entered Level 10 of the Dungeon
  8118 | D:10     | Reached skill level 12 in Axes
  8175 | D:10     | Killed an unseen horror
  8278 | D:10     | Found a flagged portal.
  8387 | Bailey   | Entered a bailey
  8398 | Bailey   | Reached *** piety under Beogh
  8409 | Bailey   | Noticed an orc knight
  8455 | Bailey   | Killed an orc knight
  8724 | Bailey   | Got a faintly humming crystal plate armour
  8735 | Bailey   | Identified the +5 crystal plate armour of Tenacity {rC+ rN+
                  | Int+4} (You found it in a bailey)
  8884 | D:10     | Reached skill level 5 in Dodging
  8967 | D:10     | Noticed Urug
  8968 | D:10     | Found a staircase to the Orcish Mines.
  8987 | D:10     | Killed Urug
  9051 | D:10     | Found Fuocy's Gadget Shop.
  9143 | D:10     | Found a roughly hewn altar of Beogh.
  9284 | D:11     | Gained Learuk as an ally
  9290 | D:11     | Noticed a cyclops
  9300 | D:11     | Killed a cyclops
  9467 | D:11     | Reached **** piety under Beogh
  9555 | D:11     | Noticed a phantasmal warrior
  9555 | D:11     | Noticed a skeletal warrior
  9555 | D:11     | Noticed a death knight
  9559 | D:11     | Killed a phantasmal warrior
  9570 | D:11     | Killed a death knight
  9578 | D:11     | Reached skill level 13 in Axes
  9582 | D:11     | Killed a skeletal warrior
  9721 | D:11     | Noticed a purple ugly thing
  9728 | D:11     | Killed a purple ugly thing
  9728 | D:11     | Reached XP level 12. HP: 105/105 MP: 12/12
  9878 | Lair:1   | Entered Level 1 of the Lair of Beasts
 10135 | Lair:1   | Noticed a five-headed hydra
 10143 | Lair:1   | Killed a two-headed hydra
 10578 | Lair:2   | Noticed an eight-headed hydra
 10587 | Lair:2   | Killed a seven-headed hydra
 10648 | Lair:2   | Reached skill level 10 in Fighting
 11043 | Lair:2   | Reached skill level 14 in Axes
 11330 | Lair:2   | Identified a scroll of acquirement
 11331 | Lair:2   | Got a faintly glowing plate armour
 11342 | Lair:2   | Identified the +7 plate armour "Develisch" {Slay+3} (You
                  | acquired it on level 2 of the Lair of Beasts)
 11413 | Lair:3   | Noticed a four-headed hydra
 11422 | Lair:3   | Killed a one-headed hydra
 11422 | Lair:3   | Reached ***** piety under Beogh
 11487 | Lair:3   | Gained Norbak as an ally
 11869 | Lair:3   | Found a hole to the Spider Nest.
 12060 | Lair:4   | Reached XP level 13. HP: 114/114 MP: 13/13
 12071 | Lair:4   | Found a staircase to the Swamp.
 12374 | Lair:4   | Reached skill level 10 in Armour
 12716 | Lair:5   | Reached skill level 15 in Axes
 12919 | Lair:5   | Reached skill level 10 in Shields
 13337 | Lair:6   | Entered Level 6 of the Lair of Beasts
 13660 | Lair:6   | Found a staircase to the Slime Pits.
 14113 | Lair:6   | Found a runed translucent door.
 14113 | Lair:6   | Noticed an ice dragon
 14122 | Lair:6   | Your ally Learuk died
 14166 | Lair:6   | Reached skill level 16 in Axes
 14624 | Lair:6   | Killed an ice dragon
 15142 | D:12     | Found Ysigot's Gadget Emporium.
 15167 | D:12     | Reached XP level 14. HP: 98/124 MP: 14/14
 15171 | D:12     | Noticed Frances
 15188 | D:12     | Killed Frances
 15190 | D:12     | Reached ****** piety under Beogh
 15336 | D:12     | Found a snail-covered altar of Cheibriados.
 16047 | D:13     | Noticed Erolcha
 16056 | D:13     | Killed Erolcha
 16077 | D:13     | Found Xiboac's Jewellery Boutique.
 16080 | D:13     | Bought an uncursed ring of protection from fire for 375
                  | gold pieces
 16080 | D:13     | Bought an uncursed ring of protection from magic for 375
                  | gold pieces
 16302 | D:13     | Reached skill level 17 in Axes
 16409 | D:13     | Found a runed translucent door.
 17092 | D:14     | Gained Norbak as an ally
 17229 | D:14     | Noticed Josephine
 17238 | D:14     | Killed Josephine
 17387 | D:14     | Found a gate to the Vaults.
 17387 | D:14     | Noticed an ironheart preserver
 17400 | D:14     | Killed an ironheart preserver
 17409 | D:14     | Noticed Kirke
 17420 | D:14     | Killed Kirke
 17474 | D:14     | Noticed Nessos
 17481 | D:14     | Killed Nessos
 17874 | D:15     | Entered Level 15 of the Dungeon
 17930 | D:15     | Found a staircase to the Depths.
 17930 | D:15     | Noticed a frost giant
 17941 | D:15     | Killed a frost giant
 18073 | D:15     | Reached XP level 15. HP: 133/134 MP: 15/15
 18123 | D:15     | Gained Hawl as an ally
 18123 | D:15     | Reached skill level 18 in Axes
 18234 | D:15     | Gained Nordag as an ally
 18819 | Orc:1    | Entered Level 1 of the Orcish Mines
 18819 | Orc:1    | Noticed an orc warlord
 18841 | Orc:1    | Killed an orc warlord
 18842 | Orc:1    | Noticed Nergalle
 18876 | Orc:1    | Gained Zartorak as an ally
 19262 | Orc:2    | Entered Level 2 of the Orcish Mines
 19262 | Orc:2    | Noticed Azrael
 19265 | Orc:2    | Your ally Norbak died
 19269 | Orc:2    | Killed Azrael
 19359 | Orc:2    | Found a staircase to the Elven Halls.
 19379 | Orc:2    | Noticed Sonja
 19380 | Orc:2    | Noticed Sonja
 19380 | Orc:2    | Sonja changed into Sonja the tengu
 19391 | Orc:2    | Killed Sonja the tengu
 19660 | Orc:2    | Noticed Jorgrun
 19674 | Orc:2    | Killed Jorgrun
 19836 | Orc:2    | Found Orcheicw's General Store.
 19836 | Orc:2    | Found Lunutuak's Antique Armour Shoppe.
 19848 | Orc:2    | Found Ficligaso's Food Shop.
 19853 | Orc:2    | Found Weiheh's Armour Shop.
 19859 | Orc:2    | Bought a pair of glowing boots for 240 gold pieces
 19864 | Orc:2    | Identified a +2 pair of boots of running (You bought it in
                  | a shop on level 2 of the Orcish Mines)
 19886 | Orc:2    | Bought a scroll of identify for 34 gold pieces
 19886 | Orc:2    | Bought the -2 pair of gloves of Filth {Str+5} for 204 gold
                  | pieces
 19886 | Orc:2    | Bought a scroll of magic mapping for 59 gold pieces
 19886 | Orc:2    | Bought a scroll of identify for 34 gold pieces
 19886 | Orc:2    | Bought a ration for 85 gold pieces
 19886 | Orc:2    | Bought a ration for 85 gold pieces
 19886 | Orc:2    | Bought a potion of haste for 170 gold pieces
 20009 | Orc:2    | Reached skill level 19 in Axes
 20009 | Orc:2    | Reached XP level 16. HP: 144/144 MP: 15/18
 20178 | Swamp:1  | Entered Level 1 of the Swamp
 20971 | Swamp:2  | Found a transporter.
 21333 | Swamp:2  | Found a transporter.
 21338 | Swamp:2  | Found a bloodstained altar of Trog.
 21338 | Swamp:2  | Noticed swinepaste's ghost (journeyman DsMo)
 21338 | Swamp:2  | Identified the +7 morningstar "Qistiaz" {vamp, Dex+5}
 21343 | Swamp:2  | Identified the +5 rapier "Toihoor" {pierce, rPois Stlth+}
 21343 | Swamp:2  | Identified the +0 broad axe of Jel Wuypremp {chaos, MR+
                  | Int+8}
 21374 | Swamp:2  | Gained Grimold as an ally
 21505 | Swamp:2  | Reached XP level 17. HP: 152/152 MP: 20/20
 22187 | Swamp:3  | Reached skill level 20 in Axes
 22264 | Swamp:3  | Reached skill level 5 in Invocations
 22734 | Swamp:4  | Entered Level 4 of the Swamp
 23625 | Swamp:4  | Got a decaying rune of Zot
 23743 | Swamp:4  | Found a shimmering altar of Xom.
 24054 | Spider:1 | Entered Level 1 of the Spider Nest
 24134 | Spider:1 | Found a frozen archway.
 24139 | IceCv    | Entered an ice cave
 24572 | IceCv    | Gained Warbeogh as an ally
 24686 | IceCv    | Gained Boruk as an ally
 24692 | IceCv    | Reached skill level 21 in Axes
 25116 | Spider:1 | Gained Hilgar as an ally
 25205 | Spider:1 | Reached XP level 18. HP: 154/162 MP: 23/23
 25230 | Spider:1 | Reached skill level 15 in Fighting
 26462 | Spider:2 | Gained Oruk as an ally
 27046 | Spider:3 | Noticed Asterion
 27064 | Spider:3 | Killed Asterion
 27206 | Spider:3 | Your ally Oruk died
 27773 | Spider:4 | Entered Level 4 of the Spider Nest
 28335 | Spider:4 | Your ally Oruk died
 28713 | Spider:4 | Reached skill level 22 in Axes
 28716 | Spider:4 | Noticed Arachne
 28743 | Spider:4 | Killed Arachne
 28828 | Spider:4 | Got a gossamer rune of Zot
 28853 | Spider:4 | Reached skill level 10 in Invocations
 28853 | Spider:4 | Reached XP level 19. HP: 118/172 MP: 11/26
 29385 | Vaults:1 | Entered Level 1 of the Vaults
 29736 | Vaults:1 | Gained Arkwar as an ally
 29842 | Vaults:1 | Gained Blodwig as an ally
 30497 | Vaults:1 | Reached skill level 15 in Armour
 30540 | Vaults:1 | Reached skill level 15 in Shields
 30834 | Vaults:2 | You fall into a shaft and drop 1 floor!
 31169 | Vaults:3 | Found Juaru's Antique Weapon Shoppe.
 31284 | Vaults:3 | Gained Orik as an ally
 31290 | Vaults:3 | Your ally Orik died
 31444 | Vaults:3 | Reached skill level 23 in Axes
 31516 | Vaults:3 | Gained Bogmar as an ally
 31854 | Vaults:3 | Noticed a Hell Sentinel
 31864 | Vaults:3 | Noticed an Ice Fiend
 31876 | Vaults:3 | Cast into level 2 of the Abyss (a deep elf demonologist)
 31925 | Abyss:2  | Reached XP level 20. HP: 136/182 MP: 28/28
 32028 | Abyss:3  | Found a corrupted altar of Lugonu.
 32032 | Abyss:3  | Identified the amulet "Ranirent" {Gourm rElec rC++ Dex-4
                  | Stlth+} (You found it on level 3 of the Abyss)
 32477 | Abyss:3  | Gained Brandogh as an ally
 32537 | Abyss:3  | Reached skill level 10 in Dodging
 32555 | Abyss:3  | Gained mutation: Armour fits poorly on your strangely
                  | shaped body. [a neqoxec]
 32581 | Abyss:3  | Lost mutation: Armour fits poorly on your strangely shaped
                  | body. [potion of mutation]
 32581 | Abyss:3  | Gained mutation: You are clumsy. (Dex -2) [potion of
                  | mutation]
 32581 | Abyss:3  | Gained mutation: You are dopey. (Int -2) [potion of
                  | mutation]
 32581 | Abyss:3  | Gained mutation: You have sharp toenails. [potion of
                  | mutation]
 32585 | Abyss:3  | Your ally Brandogh died
 32658 | Abyss:3  | Got an abyssal rune of Zot
 33078 | Abyss:3  | Gained mutation: You are very dopey. (Int -4) [a neqoxec]
 33079 | Abyss:3  | Gained mutation: Your body sometimes deteriorates upon
                  | taking damage. [a neqoxec]
 33138 | Vaults:3 | Escaped the Abyss
 33139 | Vaults:3 | Noticed a Brimstone Fiend
 34083 | Vaults:2 | Found Becezy's Armour Shop.
 34114 | Vaults:2 | Reached skill level 1 in Translocations
 34125 | Vaults:2 | Killed from afar by a deep elf mage

Levels and vault maps discovered:
D:1:      tarquinn_simple_flora_water_a, layout_loops_ring
D:2:      layout_basic, overflow_temple_1_default
D:3:      layout_loops_ring, nicolae_ru_great_annihilating_truth, first_ration,
          kennysheep_generic_room_16
D:4:      layout_basic
D:5:      layout_basic, minmay_temple_entry_wispy
D:6:      layout_rooms, nicolae_tso_swordbearing_angel, sword_in_stone
D:7:      layout_rooms, lemuel_crystal_altar, lemuel_doored_altar,
          nicolae_overflow_crystal_walls, kennysheep_mini,
          nicolae_dithmenos_the_darkroom
D:8:      layout_basic, elyvilon_altar_3, grunt_pizzeria, uniq_erica,
          uniq_maurice, uniq_joseph, uniq_grum
D:9:      minmay_the_grid_triangle_9x9_recursive_2
          [minmay_the_grid_triangle_9x9_prize_center,
          minmay_the_grid_triangle_9x9_dagger,
          minmay_the_grid_triangle_9x9_limited_checkers,
          minmay_the_grid_triangle_9x9_from_above], layout_irregular_city,
          kennysheep_mini_moat, marbit_many_paths, david_lair_shrubbed,
          minmay_nine_imps
D:10:     layout_big_octagon, minmay_orc_entry_temple_small, enter_bailey_8,
          serial_shops, nicolae_shop_waterfront, chequers_serial_rivers_small_a,
          uniq_urug
D:11:     layout_basic, minmay_misc_feat_square,
          eino_small_chamber_without_monster, uniq_gastronok, uniq_snorg
D:12:     layout_rooms, basic_altar, serial_shops, shop_fountains, uniq_frances
D:13:     layout_roguey, serial_shops, shop, minivault_13, uniq_erolcha
D:14:     layout_basic, skrybe_vaults_entry_preservation,
          kennysheep_another_room, uniq_nessos, uniq_kirke, uniq_josephine
D:15:     grunt_enter_depths_snipers, layout_basic, minmay_misc_feat_columns
Lair:1:   layout_layer_cave
Lair:2:   layout_regular_city
Lair:3:   layout_misc_corridors, spider_nest_entry_rubble
Lair:4:   layout_gridlike, minmay_swamp_entry_wisps,
          chequers_serial_rivers_marsh
Lair:5:   layout_hall_layers, serial_bayou_shore_b
Lair:6:   wormcave, layout_small_grid, slime_dummy
Swamp:1:  layout_basic_swamp, evilmike_swamp_ruin_rubble_2
Swamp:2:  layout_falls_marsh, gammafunk_ghost_wrathful_warriors,
          evilmike_swamp_ruin_house_4, nicolae_swamp_fairy_circle, swamp_pool1,
          statue_in_the_mist_lemuel, infiniplex_staircase_pool_2
Swamp:3:  layout_basic_swamp, evilmike_swamp_ruin_house_5
Swamp:4:  swamp_alternative, layout_basic_swamp, nicolae_swamp_godswood
Spider:1: layout_chambers, portal_ice_cave_entry_pillars_four
Spider:2: layout_spider_delve
Spider:3: layout_spider_delve, uniq_asterion
Spider:4: johnstein_spider_rune_arachne_lair
Orc:1:    layout_caves, uniq_nergalle
Orc:2:    st_orc_elflike, layout_caves, minmay_orc_barracks, uniq_jorgrun,
          uniq_sonja, uniq_azrael
Vaults:1: vaults_room_stairs_pillars, nicolae_vaults_quartermaster,
          ontoclasm_vaults_decontamination, grunt_vaults_twisty,
          hangedman_vaults_corner, vaults_dpeg_hooks, vaults_dpeg_doors,
          nicolae_vaults_yaktaur_gun_rack, layout_vaults_chaotic_city
Vaults:2: minmay_crypt_entry_simple_round, nicolae_vaults_ring_of_whatevers,
          v_alt_pattern_5, ontoclasm_vaults_claustrophobia, v_misc_16,
          grunt_vaults_hallway_short, nicolae_vaults_bisected_inception,
          ontoclasm_vaults_twist, st_more_cells, vaults_mumra_chevron,
          ontoclasm_vaults_misaligned, dpeg_vaults_monster_box,
          grunt_vaults_trifunnel, layout_vaults_ring, serial_shops,
          bzr_entry_safe
Vaults:3: v_alt_pattern_2, st_cells, vaults_room_large_hall, v_misc_26,
          nicolae_vaults_what_the_h, nicolae_vaults_big_ls, vaults_room_corners,
          nicolae_vaults_gold_heap, layout_vaults_omnigrid, serial_shops, shop

Skill      XL: |  1  2  3  4  5  6  7  8  9 10 11 12 13 14 15 16 17 18 19 20 |
---------------+-------------------------------------------------------------+-----
Axes           | 3 4 5 6 7 8 10 11 13 14 16 17 19 21 22 23 | 23.9
Fighting       | 4 5 6 7 8 9 10 11 12 13 14 15 16 | 16.9
Armour         | 4 5 6 7 8 9 10 11 12 13 14 15 | 15.8
Shields        | 4 5 6 7 8 9 10 11 12 13 14 15 | 15.8
Throwing       | 1 2 3 4 5 6 7 |  7.0
Dodging        | 1 2 3 4 5 6 7 8 9 10 | 10.3
Invocations    | 3 4 7 10 11 12 | 12.6
Translocations | 1 |  1.3
Spellcasting   | |  0.6

Action                   |  1- 3 |  4- 6 |  7- 9 | 10-12 | 13-15 | 16-18 | 19-21 || total
-------------------------+-------+-------+-------+-------+-------+-------+-------++-------
Melee: War axe           |   111 |   234 |   335 |   586 |   754 |  1418 |  1037 ||  4475
       Broad axe         |       |       |       |    71 |       |       |       ||    71
       Scimitar          |       |       |       |    14 |    11 |    61 |       ||    86
Throw: Boomerang         |       |       |       |    28 |       |     5 |       ||    33
Invok: Convert to Beogh  |       |       |     1 |       |       |       |       ||     1
       Recall Orcish Fol |       |       |       |       |     4 |       |       ||     4
       Give Item to Name |       |       |       |       |     1 |     2 |     1 ||     4
       Resurrection      |       |       |       |       |       |     2 |     1 ||     3
Evoke: Wand              |       |       |       |     6 |     6 |     7 |       ||    19
       Phial of floods   |       |       |       |     1 |     1 |     1 |       ||     3
  Use: Scroll            |       |     9 |     3 |    13 |    12 |    11 |     9 ||    57
       Potion            |       |       |     3 |     4 |     4 |     1 |    10 ||    22
 Stab: Paralysed         |       |     2 |       |       |     5 |       |       ||     7
       Distracted        |       |       |       |     2 |     6 |     4 |     5 ||    17
       Confused          |       |       |       |       |       |     2 |       ||     2
       Invisible         |       |       |       |       |       |     7 |       ||     7
       Held in net/web   |       |       |       |       |       |     1 |       ||     1
  Eat: Chunk             |       |     7 |    10 |    20 |     5 |       |       ||    42
       Ration            |       |       |       |     2 |     5 |     8 |     7 ||    22
Armor: Scale mail        |    63 |    92 |   139 |   129 |       |       |       ||   423
       Crystal plate arm |       |       |       |   188 |   329 |   870 |   473 ||  1860
Dodge: Dodged            |    34 |    75 |   131 |    86 |   117 |   700 |   242 ||  1385
Block: Shield            |    63 |   142 |    49 |       |    56 |  1331 |   724 ||  2365
       Large shield      |       |       |   252 |   596 |   500 |       |       ||  1348
       Rpst.: Scimitar   |       |       |       |     1 |       |    11 |       ||    12
